 Dungeon Crawl Stone Soup version 0.24-a0-619-gb7544fd237 (webtiles) character file.

Game seed: 6684836592257271325, levelgen mode: deterministic

149 Johnny the Digger (level 4, -3/33 HPs)
             Began as a Demigod Earth Elementalist on Sept 18, 2019.
             Slain by an orc
             ... wielding a +0 flail
              (7 damage)
             ... on level 3 of the Dungeon.
             The game lasted 00:02:30 (1799 turns).

Johnny the Digger (Demigod Earth Elementalist)      Turns: 1799, Time: 00:02:31

Health: -3/33      AC:  2    Str: 11    XL:     4   Next: 83%
Magic:  6/9        EV: 12    Int: 21    God:
Gold:   69         SH:  0    Dex: 16    Spells: 5/6 levels left

rFire    . . .     SeeInvis .   o - +2 rapier (protect)
rCold    . . .     Gourm    .   (no shield)
rNeg     . . .     Faith    .   c - +0 robe
rPois    +         Spirit   .   (no helmet)
rElec    .         Reflect  .   (no cloak)
rCorr    .         Harm     .   (no gloves)
MR       .....                  (no boots)
Stlth    ++........             (no amulet)
HPRegen  0.11/turn              e - ring of poison resistance
MPRegen  0.11/turn              (no ring)

@: no status effects
A: high mp 1
a: no special abilities


You were on level 3 of the Dungeon.
You were not hungry.

You visited 1 branch of the dungeon, and saw 3 of its levels.

You collected 69 gold pieces.

Inventory:

Hand Weapons
 i - a +1 short sword of freezing
 o - a +2 rapier of protection (weapon)
Missiles
 b - 60 stones (quivered)
Armour
 c - a +0 robe (worn)
Jewellery
 e - a ring of poison resistance (left hand)
Scrolls
 a - 2 scrolls of teleportation
 k - a scroll of fear {unknown}
 l - 2 scrolls of identify {unknown}
Potions
 f - 2 potions of haste {unknown}
 j - a potion of curing {unknown}
 m - a potion of invisibility {unknown}
 n - a potion of brilliance {unknown}
Comestibles
 d - 3 rations
 h - 8 chunks of flesh


   Skills:
 - Level 1.7 Dodging
 - Level 1.7 Stealth
 - Level 1.8 Spellcasting
   Level 0.8 Transmutations
 * Level 5.3 Earth Magic


You had 5 spell levels left.
You knew the following spells:

 Your Spells              Type           Power        Failure   Level  Hunger
a - Sandblast             Erth           ###...       1%          1    #......

Your spell library contained the following spells:

 Spells                   Type           Power        Failure   Level  Hunger
 Passwall                 Tmut/Erth      ##......     6%          2    ###....
 Stone Arrow              Conj/Erth      ##....       16%         3    ###....
 Petrify                  Tmut/Erth      ##......     38%         4    #####..
 Lee's Rapid Deconstruct  Erth           ###.......   43%         5    ######.


Dungeon Overview and Level Annotations

Branches:
Dungeon (3/15)

Annotations:
D:2 Sigmund


Innate Abilities, Weirdness & Mutations

You have an increased reservoir of magic. (+10% MP)


Message History

Aiming: Sandblast (safe; 1% risk of failure)
Press: ? - help, Shift-Dir - straight line, f/p - orc
Aim: an orc, wielding a +0 flail and wearing a +0 leather armour (almost dead)
The blast of sand misses the orc.
The blast of sand hits the orc wizard!
You kill the orc wizard!
b - 61 stones The goblin shoots a stone.
The stone hits you.
* * * LOW HITPOINT WARNING * * *
The orc closely misses you.
Casting: Sandblast (safe; 1% risk of failure)
Confirm with . or Enter, or press ? or * to list all spells.
Aiming: Sandblast (safe; 1% risk of failure)
Press: ? - help, Shift-Dir - straight line, f/p - orc
Aim: an orc, wielding a +0 flail and wearing a +0 leather armour (almost dead)
The blast of sand misses the orc.
b - 60 stones The goblin shoots a stone.
The stone hits you.
* * * LOW HITPOINT WARNING * * *
The orc hits you with a +0 flail!
You die...

..........
#........
#####.#......
.............
..g........
.....).. #..o#
#..@# #...# #...#
##...#####
#..........
#####..........
#####..............
..........8..######
#####.##.8_8.....


You could see an orc and a goblin.

Vanquished Creatures
  An orc wizard (D:3)
  Natasha (twice) (D:2)
  3 adders
  A worm (D:2)
  A dart slug (D:2)
  3 leopard geckos (D:2)
  A giant cockroach (D:2)
  5 goblins
  5 hobgoblins
  A quokka (D:2)
  2 ball pythons (D:2)
  2 bats
  4 frilled lizards (D:2)
  9 kobolds
  2 rats
42 creatures vanquished.

Notes
Turn   | Place    | Note
-------+----------+-------------------------------------------
     0 | D:1      | Johnny the Demigod Earth Elementalist began the quest for
                  | the Orb.
     0 | D:1      | Reached XP level 1. HP: 14/14 MP: 5/5
   373 | D:1      | Reached skill level 3 in Earth Magic
   590 | D:1      | You fall into a shaft and drop 1 floor!
   593 | D:2      | Reached XP level 2. HP: 20/20 MP: 2/7
  1029 | D:2      | Reached skill level 4 in Earth Magic
  1029 | D:2      | Reached XP level 3. HP: 16/26 MP: 4/8
  1378 | D:2      | Found a blossoming altar of Fedhas.
  1432 | D:2      | Noticed Sigmund
  1672 | D:2      | Noticed Natasha
  1677 | D:2      | Killed Natasha
  1677 | D:2      | Reached XP level 4. HP: 33/33 MP: 5/9
  1699 | D:2      | Noticed Natasha
  1702 | D:2      | Killed Natasha
  1702 | D:2      | Reached skill level 5 in Earth Magic
  1781 | D:3      | Found a faded altar of an unknown god.
  1799 | D:3      | Slain by an orc

Levels and vault maps discovered:
D:1:      psy_arrival_dodecagon, layout_loops_ring
D:2:      layout_rooms, nicolae_overflow_hidden_temple, tso_metal_star,
          first_ration, uniq_crazy_yiuf_cottage, uniq_sigmund, uniq_natasha
D:3:      layout_basic, makhleb_altar_promises_db,
          chequers_ecumenical_altar_simple, portal_sewer_entry_d,
          guppyfry_early_orc_mine

Skill      XL: |  1  2  3  4 |
---------------+-------------+-----
Earth Magic    | 3 4 5 |  5.3
Dodging        | |  1.7
Stealth        | |  1.7
Spellcasting   | |  1.8
Transmutations | |  0.8

Action                   |  1- 3 |  4- 6 || total
-------------------------+-------+-------++-------
Melee: Unarmed           |    16 |       ||    16
       Spear             |    39 |    11 ||    50
       Rapier            |       |     2 ||     2
 Cast: Sandblast         |    31 |    12 ||    43
  Use: Scroll            |     1 |       ||     1
 Stab: Sleeping          |     3 |       ||     3
  Eat: Chunk             |     3 |       ||     3
Armor: Robe              |     9 |     1 ||    10
Dodge: Dodged            |    43 |    13 ||    56

Table legend:
 A = Non-vault XP
 B = Vault XP
 C = Vault XP percentage of total XP
 D = Non-vault monster count
 E = Vault monster count
 F = Vault count percentage of total count
                 A         B        C        D         E       F
            +---------+---------+-------+---------+---------+-------
      Total |     179 |      35 |  16.4 |      41 |       1 |   2.4
            +---------+---------+-------+---------+---------+-------
        D:1 |      33 |       0 |   0.0 |      14 |       0 |   0.0
        D:2 |     106 |      35 |  24.8 |      26 |       1 |   3.7
        D:3 |      40 |       0 |   0.0 |       1 |       0 |   0.0
            +---------+---------+-------+---------+---------+-------
